 Dungeon Crawl Stone Soup version 0.29-a0-824-gd827844252 (webtiles) character file.

Game seed: 1002142611621664259

1263 buhh the Insei (level 8, -6/57 HPs)
             Began as an Octopode Transmuter on July 10, 2022.
             Was a Priest of Cheibriados.
             Mangled by Menkaure (21 damage)
             ... on level 5 of the Dungeon.
             The game lasted 00:05:37 (6217 turns).

buhh the Insei (Octopode Transmuter)                Turns: 6217, Time: 00:05:38

Health: -6/57      AC:  1    Str: 16    XL:     8   Next: 52%
Magic:  3/11       EV: 16    Int: 25    God:    Cheibriados [***...]
Gold:   163        SH:  0    Dex: 19    Spells: 5/11 levels left

rFire   . . .      SeeInvis .     - Unarmed
rCold   . . .      Faith    .   (no shield)
rNeg    . . .      Spirit   .   (helmet restricted)
rPois   .          Reflect  .   (no amulet)
rElec   .          Harm     .   (no ring)
rCorr   .          Rampage  .   (no ring)
Will    .....                   (no ring)
Stlth   +++.......              (no ring)
HPRegen 0.19/turn               (no ring)
MPRegen 0.12/turn               (no ring)
                                (no ring)
                                (no ring)

@: marked, wereblooded, very slow
A: almost no armour, amphibious, 8 rings, camouflage 1, gelatinous body 1,
(nimble swimmer 1), tentacles
a: Renounce Religion, Bend Time, Temporal Distortion


You were on level 5 of the Dungeon.
You worshipped Cheibriados.
Cheibriados was most pleased with you.
You visited 1 branch of the dungeon, and saw 5 of its levels.

You collected 268 gold pieces.
You spent 105 gold pieces at shops.

Inventory:

Missiles
 f - 8 poisoned darts
Magical Staves
 t - a staff of cold
Jewellery
 i - a ring of willpower
 q - a ring of protection from cold
 s - a ring of wizardry
 x - a ring of see invisible
Wands
 y - a wand of mindburst (18)
 D - a wand of paralysis (4)
Scrolls
 a - 3 scrolls of identify {!d}
 b - 2 scrolls of blinking {!d}
 c - 2 scrolls of teleportation {!d!d}
 e - 2 scrolls of enchant armour {unknown}
 h - 2 scrolls of magic mapping {unknown}
 j - a scroll of amnesia {unknown}
 l - 2 scrolls of immolation {!r}
 m - a scroll of enchant weapon {unknown}
 r - a scroll of acquirement {unknown}
 v - a scroll of fear {!d}
Potions
 d - a potion of magic {unknown}
 g - 2 potions of brilliance {unknown}
 k - a potion of curing {unknown}
 n - 3 potions of mutation {unknown}
 o - a potion of berserk rage {unknown}
 p - a potion of degeneration {unknown}
 u - a potion of might {unknown}
 w - 3 potions of heal wounds {!d}
 Z - 4 potions of flight


   Skills:
 - Level 6.0 Fighting
 - Level 6.0 Dodging
 - Level 2.0 Stealth
 - Level 6.0 Unarmed Combat
 - Level 2.0 Spellcasting
 - Level 2.0 Transmutations
 * Level 0.7 Ice Magic
 - Level 1.0 Poison Magic


You had 5 spell levels left.
You knew the following spells:

 Your Spells              Type           Power      Damage    Failure   Level
a - Beastly Appendage     Tmut           24%        N/A       4%          1
b - Wereblood             Tmut           12%        N/A       8%          2
c - Spider Form           Tmut/Pois      10%        N/A       19%         3

Your spell library contained the following spells:

 Spells                   Type           Power      Damage    Failure   Level
 Portal Projectile        Hex/Tloc       4%         N/A       32%         3
 Tukima's Dance           Hex            2%         N/A       32%         3
 Ice Form                 Ice/Tmut       9%         N/A       54%         4
 Blade Hands              Tmut           6%         N/A       80%         5


Dungeon Overview and Level Annotations

Branches:
Dungeon (5/15) Zot: 36592  Temple (0/1) D:5

Altars:
Cheibriados
Gozag
Kikubaaqudgha
Qazlal

Shops:
D:3 *!   D:5 *

Annotations:
D:3 2 runed translucent doors, ihfijgdoutdouutd's ghost, amateur DgHu
D:5 exclusion: steam dragon, Menkaure


Innate Abilities, Weirdness & Mutations

You cannot wear most types of armour.
You are amphibious.
You can wear up to eight rings at the same time.
Your skin changes colour to match your surroundings (Stealth+).
Your rubbery body absorbs attacks. (AC +1, EV +1)
((You are camouflaged when in or above water. (Stealth+)))
You have tentacles for arms and can constrict up to eight enemies at once.


Message History

The howler monkey hoots and howls with incredible vigour!
The gnoll closely misses you.
Menkaure calls on the powers of darkness!
The gnoll convulses! x2; Your body is wracked with pain!
The gnoll convulses! x2
The gnoll completely misses you. The orc completely misses you.
You hit the gnoll.
The gnoll is poisoned.
The gnoll is almost dead.
The gnoll misses you.
Menkaure casts a spell.
Menkaure seems to speed up.
The gnoll misses you. x2
The orc hits you but does no damage.
You bite the gnoll!
You feel a bit better.
You kill the gnoll!
Cheibriados appreciates the change of pace.
You hiss as the wereblood boils in your veins!
The gnoll completely misses you.
You hit the gnoll.
The gnoll is poisoned.
The gnoll is almost dead.
You feel a bit better.
You kill the gnoll!
Cheibriados appreciates the change of pace.
Cheibriados raises the support of your attributes as your movement slows.
The orc completely misses you. The gnoll completely misses you.
The gnoll misses you.
Your blood is freshly infused with primal strength!
The gnoll is no longer moving quickly.
The gnoll closely misses you. The orc barely misses you.
Menkaure points at you and mumbles some strange words.
Pain shoots through your body! The gnoll misses you.
You bite the gnoll!
You feel a bit better.
You kill the gnoll!
Cheibriados appreciates the change of pace.
Your attacks no longer feel as feeble.
The orc hits you with a +0 club. The gnoll misses you.
You hit Menkaure but do no damage.
Your transformation has ended.
The howler monkey hits you.
* * * LOW HITPOINT WARNING * * *
Menkaure hits you!!
You die...

≈≈≈≈≈≈≈≈....≈≈≈≈≈≈≈≈≈≈≈≈≈≈≈≈≈≈≈..
≈≈≈≈≈≈≈≈....≈≈≈≈≈≈≈≈≈≈≈≈#####≈≈..
.........))..)..........#...#≈≈..
########''')#############...#≈≈P.
#....# #'###≈≈.. #....# ..#.≈≈≈..
#.)))# .###.≈≈≈..
'#######.)).#########''# #.≈≈≈..
.......#....#..M@hh..... #.≈≈≈..
.......'.)).).g8#o...... #.≈≈≈..
.......'....'..8#..##''# #.≈≈≈..
.......#8..8#......# .###.≈≈≈..
#################### .o#.≈≈≈..
#'###≈≈..
#########################.o.#≈≈..
..††....................#...#≈≈..
≈≈†≈≈†≈≈≈≈≈≈≈≈≈≈≈≈≈≈≈≈≈≈#####≈≈..


You could see Menkaure (fast), a howler monkey, a gnoll, an orc and a jackal.

Vanquished Creatures
  A water moccasin (D:3)
  2 black bears
  2 ogres (D:5)
  2 scorpions
  2 howler monkeys (D:5)
  A gnoll bouda (D:5)
  2 orc priests (D:4)
  3 hounds
  Natasha (thrice) (D:3)
  An orc wizard (D:4)
  14 gnolls (D:5)
  8 adders
  A worm (D:3)
  22 orcs
  4 endoplasms
  15 goblins
  4 hobgoblins
  12 jackals (D:5)
  4 quokkas
  4 ball pythons
  4 bats
  10 frilled lizards
  5 kobolds
  3 rats
129 creatures vanquished.

Vanquished Creatures (others)
  6 plants (D:3)
6 creatures vanquished.

Grand Total: 135 creatures vanquished

Notes
Turn   | Place    | Note
-------+----------+-------------------------------------------
     0 | D:1      | buhh the Octopode Transmuter began the quest for the Orb.
     0 | D:1      | Reached XP level 1. HP: 13/13 MP: 3/3
   508 | D:1      | Reached skill level 1 in Stealth
   695 | D:1      | Reached XP level 2. HP: 16/18 MP: 3/5
   794 | D:1      | Reached skill level 1 in Poison Magic
  1044 | D:1      | Found a faded altar of an unknown god.
  1466 | D:2      | Reached XP level 3. HP: 19/23 MP: 4/6
  1756 | D:2      | Noticed a scorpion
  1774 | D:2      | Killed a scorpion
  1775 | D:2      | Reached XP level 4. HP: 30/30 MP: 7/7
  1915 | D:2      | Learned a level 2 spell: Wereblood
  1919 | D:2      | Learned a level 3 spell: Spider Form
  2189 | D:2      | Reached XP level 5. HP: 32/35 MP: 6/8
  2320 | D:3      | Found a runed translucent door.
  2324 | D:3      | Noticed ihfijgdoutdouutd's ghost (amateur DgHu)
  2337 | D:3      | Found an opulent altar of Gozag.
  2439 | D:3      | Noticed Natasha
  2449 | D:3      | Killed Natasha
  2619 | D:3      | Noticed Natasha
  2627 | D:3      | Killed Natasha
  2637 | D:3      | Found Kaycomm's Distillery.
  2646 | D:3      | Bought a potion of heal wounds for 60 gold pieces
  2679 | D:3      | Noticed Natasha
  2687 | D:3      | Killed Natasha
  2749 | D:3      | Found an ancient bone altar of Kikubaaqudgha.
  2970 | D:3      | Noticed a water moccasin
  2982 | D:3      | Killed a water moccasin
  2983 | D:3      | Reached XP level 6. HP: 42/42 MP: 9/9
  3077 | D:3      | Found Siomuros's Assorted Antiques.
  3086 | D:3      | Bought a ruby potion for 21 gold pieces
  3086 | D:3      | Bought a scroll labelled RIDALI YRCHUTE for 24 gold pieces
  3123 | D:3      | Found a snail-covered altar of Cheibriados.
  3131 | D:3      | Became a worshipper of Cheibriados the Contemplative
  3181 | D:3      | Found a runed translucent door.
  4152 | D:4      | Reached XP level 7. HP: 32/47 MP: 5/10
  4155 | D:4      | Reached * piety under Cheibriados
  4302 | D:4      | Reached skill level 5 in Unarmed Combat
  4824 | D:5      | Entered Level 5 of the Dungeon
  5100 | D:5      | Found a staircase to the Ecumenical Temple.
  5120 | D:5      | Reached skill level 5 in Dodging
  5199 | D:5      | Found Cieq's Fire Supplies.
  5299 | D:5      | Noticed a steam dragon
  5330 | D:5      | Found a stormy altar of Qazlal.
  5337 | D:5      | Noticed Menkaure
  5910 | D:5      | Reached XP level 8. HP: 54/54 MP: 7/11
  6002 | D:5      | Reached skill level 5 in Fighting
  6103 | D:5      | Reached ** piety under Cheibriados
  6134 | D:5      | Identified the +1 plate armour "Viadgh" {rElec}
  6207 | D:5      | Reached *** piety under Cheibriados
  6217 | D:5      | Mangled by Menkaure

Illustrated notes

Levels and vault maps discovered:
D:1:      matt_arrival_refuge, layout_loops_ring,
          hellmonk_ecumenical_altar_prayer_group
D:2:      layout_loops_cross
D:3:      layout_loops_corners, mainiacjoe_overflow_24_doors,
          chei_slow_surprise, grunt_gozag_statues, ebering_ghost_sewer_f,
          serial_shops, nicolae_shop_advertising_works
          [nicolae_subvault_shop_adworks], nicolae_lakefront_shop,
          minmay_lizard_king, uniq_natasha
D:4:      layout_basic
D:5:      lemuel_castle_with_subvaults [lemuel_castle_interior_carwin_2],
          layout_layer_cave, grunt_qazlal_clouds, minmay_temple_entry_arrows,
          nicolae_shop_fire_sale [nicolae_sub_dead_trees], uniq_menkaure

Skill      XL: |  1  2  3  4  5  6  7  8 |
---------------+-------------------------+-----
Stealth        | 1 2 |  2.0
Poison Magic   | 1 |  1.0
Fighting       | 2 3 4 6 |  6.0
Dodging        | 3 4 5 6 |  6.0
Unarmed Combat | 4 5 6 |  6.0
Spellcasting   | |  2.0
Transmutations | |  2.0
Ice Magic      | |  0.7

Action                   |  1- 3 |  4- 6 |  7- 9 || total
-------------------------+-------+-------+-------++-------
Melee: Unarmed           |    64 |    85 |   138 ||   287
       Constrict         |    10 |    17 |    11 ||    38
       Tentacles         |    10 |    10 |     5 ||    25
       Kick              |     9 |    12 |     3 ||    24
       Punch             |     2 |     4 |       ||     6
 Cast: Beastly Appendage |    18 |    22 |     6 ||    46
       Spider Form       |       |     1 |    12 ||    13
       Wereblood         |       |       |     4 ||     4
Evoke: Wand              |       |     5 |       ||     5
  Use: Potion            |     1 |     2 |     1 ||     4
       Scroll            |       |     5 |       ||     5
 Stab: Sleeping          |     5 |     6 |     3 ||    14
       Paralysed         |       |     5 |       ||     5
Armor: Skin              |    13 |    12 |     6 ||    31
Dodge: Dodged            |    23 |    37 |   170 ||   230

Table legend: (Time is in decaauts)
 A = Elapsed time spent in this place.
 B = Non-inter-level travel time spent in this place.
 C = Inter-level travel time spent in this place.
 D = Time resting spent in this place.
 E = Time spent auto-exploring this place.
 F = Levels seen in this place.
 G = Mean time per level.
                   A        B        C        D        E       F      G
               +--------+--------+--------+--------+--------+-----+--------+
         Total |   6837 |   6742 |     95 |    225 |   5728 |   5 | 1367.4 |
       Dungeon |   6837 |   6742 |     95 |    225 |   5728 |   5 | 1367.4 |
               +--------+--------+--------+--------+--------+-----+--------+

Top non-repeatable levels by time:
     D:5: 1697 daAuts
     D:4: 1471 daAuts
     D:3: 1413 daAuts
     D:1: 1412 daAuts
     D:2: 842 daAuts
